 Dungeon Sprint DCSS version 0.26-a0-663-g36e8fdb655 (webtiles) character file.

Game seed: 4885321119201577260

175020 olmar the Axe Maniac (level 27, 113/208 HPs)
             Began as a Deep Dwarf Artificer on Oct 12, 2020.
             Was an Initiate of Gozag.
             Escaped with the Orb!
             The game lasted 00:48:36 (5437 turns).

olmar the Axe Maniac (Deep Dwarf Artificer)         Turns: 5437, Time: 00:48:37

Health: 113/208    AC: 42    Str: 30 (31) XL:     27
Magic:  8/8        EV:  6    Int: 10      God:    Gozag
Gold:   4655       SH: 38    Dex: 17      Spells: 26/26 levels left

rFire    + . .     SeeInvis +   p - +8 broad axe (flame)
rCold    + + .     Faith    +   d - +18 shield of the Gong {rElec rN+ MR+ EV-5}
rNeg     + + +     Spirit   .   x - +12 crystal plate armour
rPois    +         Reflect  .   (no helmet)
rElec    +         Harm     .   g - +0 cloak of Gixkiat {rN+ rCorr Stlth+}
rCorr    +         Rampage  .   s - +0 pair of gloves of Qenkof {rPois rF+}
MR       +++++     NoTele   +   c - +0 pair of boots of the Cricket {Slay+2}
Stlth    ++........             y - amulet "Lacol" {Faith rC+ Dex+4 Slay+3}
HPRegen  0.00/turn              m - ring "Xuirah" {rC+ SInv}
MPRegen  0.11/turn              f - ring of Hupsuos {+Inv EV-4 Str+2}

@: non-regenerating, studying Spellcasting
A: damage resistance, heal wounds, blurry vision 1, deformed body, deterioration
2, dopey 1, frail 3, low mp 1, magic resistance 1, negative energy resistance 1,
sense surroundings 3, screaming 2, subdued magic 2, MP-powered wands, no
regeneration
0: Orb of Zot
}: 6/15 runes: serpentine, slimy, elven, silver, icy, gossamer
a: Heal Wounds, Potion Petition, Call Merchant, Bribe Branch, Renounce Religion,
Evoke Invisibility


You escaped.
You worshipped Gozag.
Gozag was most pleased with you.
You visited 1 branch You collected 44253 gold pieces.
You spent 23404 gold pieces at shops.
You paid 16194 gold pieces to Gozag.

Inventory:

Hand Weapons
 p - a +8 broad axe of flaming (weapon)
Armour
 c - the +0 pair of boots of the Cricket (worn) {Slay+2}
   (You bought it in a shop in the Dungeon)

   It affects your accuracy and damage with ranged weapons and melee attacks
   (+2).
 d - the +18 shield of the Gong (worn) {rElec rN+ MR+ EV-5}
   (You bought it in a shop in the Dungeon)

   It affects your evasion (-5).
   It insulates you from electricity.
   It protects you from negative energy.
   It affects your resistance to hostile enchantments.
 g - the +0 cloak of Gixkiat (worn) {rN+ rCorr Stlth+}
   (You bought it in a shop in the Dungeon)

   It protects you from negative energy.
   It provides partial protection from all sources of acid and corrosion.
   It makes you more stealthy.
 s - the +0 pair of gloves of Qenkof (worn) {rPois rF+}
   (You bought it in a shop in the Dungeon)

   It protects you from fire.
   It protects you from poison.
 x - a +12 crystal plate armour (worn)
Jewellery
 f - the ring of Hupsuos (right hand) {+Inv EV-4 Str+2}
   (You bought it in a shop in the Dungeon)

   [ring of evasion]

   It affects your evasion (-4).
   It affects your strength (+2).
   It lets you turn invisible.
 m - the ring "Xuirah" (left hand) {rC+ SInv}
   (You bought it in a shop in the Dungeon)

   [ring of see invisible]

   It protects you from cold.
   It lets you see invisible.
 q - the amulet "Syippuru" {Acrobat rElec Int+2}
   (You bought it in a shop in the Dungeon)

   [amulet of the acrobat]

   It helps you evade while moving and waiting.
   It affects your intelligence (+2).
   It insulates you from electricity.
 y - the amulet "Lacol" (around neck) {Faith rC+ Dex+4 Slay+3}
   (You bought it in a shop in the Dungeon)

   [amulet of faith]

   It allows you to gain divine favour quickly.
   It affects your dexterity (+4).
   It affects your accuracy and damage with ranged weapons and melee attacks
   (+3).
   It protects you from cold.
Wands
 A - a wand of digging (4)
Scrolls
 j - a scroll of fear
 k - 4 scrolls of blinking
 n - 3 scrolls of fog
 r - 14 scrolls of remove curse
 w - 3 scrolls of silence
 D - 8 scrolls of identify
Potions
 b - a potion of stabbing
 e - a potion of mutation
 h - 13 potions of haste
 i - 2 potions of magic
 o - a potion of experience
 u - 12 potions of might
 v - 5 potions of curing
 F - 11 potions of resistance
Books
 l - a manual of Spellcasting
 B - a manual of Spellcasting
Miscellaneous
 a - a condenser vane (1/2)
 t - a phantom mirror (inert)
 z - a lightning rod (4/4)


   Skills:
 O Level 27 Fighting
 O Level 27 Axes
 + Level 1.3 Throwing
 O Level 27 Armour
 + Level 11.4 Dodging
 O Level 27 Stealth
 O Level 27 Shields
 + Level 1.5 Unarmed Combat
 + Level 25.4 Evocations


You had 26 spell levels left.
You didn't know any spells.
Your spell library was empty.

Dungeon Overview and Level Annotations

Branches:
Dungeon (1/1)

Altars:
Cheibriados
Dithmenos
Fedhas
Gozag
Kikubaaqudgha
Makhleb
Okawaru
Qazlal
Ru
Sif Muna
Trog
Uskayaw
Vehumet
Wu Jian
Xom
Yredelemnul
Zin
The Shining One
Beogh
Jiyva
Lugonu

Shops:
D *[?((?(*?*[([([[:*[(}(!!


Innate Abilities, Weirdness & Mutations

You are resistant to damage.
You can heal yourself by infusing magical energy.
You resist negative energy. (rN+)
You passively map a large area around you.
You do not regenerate.
Scrolls take you a little longer to read.
Armour fits poorly on your strangely shaped body.
Your body often deteriorates upon taking damage.
You are dopey. (Int -2)
You are extremely frail. (-30% HP)
Your magical capacity is low. (-10% MP)
You are resistant to hostile enchantments. (MR+)
You sometimes yell uncontrollably at your foes.
Your spells are easier to cast, but less powerful.
You expend magic power (3 MP) to strengthen your wands.


Message History

a +0 robe; a +0 flail You feel less ready to backstab.
You now have 4412 gold pieces (gained 180).
There is an entrance to Zinufub's Assorted Antiques here.
Items here: "" = [.
You now have 4475 gold pieces (gained 63).
There is an entrance to Pisarol's Antique Armour Shoppe here.
You now have 4610 gold pieces (gained 135).
You now have 4655 gold pieces (gained 45).
You see here a +0 rapier.
You start to feel less resistant.
You see here a +0 battleaxe of freezing.
Your resistance to elements expires.
There is a staircase leading out of the dungeon here.
You see here the Orb of Zot.
You pick up the Orb of Zot!
The Orb lets out a hideous shriek!
The lords of Pandemonium are not amused.
Beware!
Now all you have to do is get back out of the dungeon!
Unknown command.
You have escaped!

#_.(.∩.∩._# ###..)∩|)...###
#⌠.)(....[.)(⌠#
######.8(....)..∩8(######
##..__.((...###.∩...(___∩##
###∩[....[(∩8.# #.8[...(.(.∩###
##.(.(((.))∩(..###...)..(......##
#⌠..(...[.∩.###...###..)|......⌠#
#⌠...((.)(..# #.@.# #).........⌠#
#⌠..(..([([)###...###..[.=.)...⌠#
##...(..((.((.[###[....(.()....##
###∩.[.))(((8.# #.8[..(....∩###
##∩[__(..()[###.....(_._∩##
######[8)[[§.)...8.######
#((([)§[[....⌠# ###[.§§.....###
#_(§.∩∩[[_#


There were no monsters in sight!

Vanquished Creatures
  Tiamat (D)
  An acid blob (D)
  3 orbs of fire (D)
  2 ancient liches (D)
  2 Killer Klowns (D)
  Fannar (D)
  8 electric golems (D)
  2 iron giants (D)
  3 Hell Sentinels (D)
  8 Ice Fiends (D)
  8 Orb Guardians (D)
  2 quicksilver dragons (D)
  3 deep elf master archers (D)
  4 titans (D)
  A deep elf blademaster (D)
  2 storm dragons (D)
  A deep elf sorcerer (D)
  A draconian knight (D)
  An emperor scorpion (D)
  A frost giant (D)
  5 iron dragons (D)
  A draconian annihilator (D)
  A reaper (D)
  2 green draconians (D)
  8 stone giants (D)
  11 vampire knights (D)
  Nessos (D)
  A red draconian (D)
  A white draconian (D)
  3 yellow draconians (D)
  2 deep elf death magi (D)
  5 eidola (D)
  5 blizzard demons (D)
  A naga warrior (D)
  A deep elf high priest (D)
  A great orb of eyes (shapeshifter) (D)
  11 boulder beetles (D)
  9 spriggan air magi (D)
  A centaur warrior (D)
  3 iron elementals (D)
  2 merfolk aquamancers (D)
  4 two-headed ogres (D)
  5 vampire magi (D)
  Nergalle (D)
  2 sea snakes (D)
  4 phantasmal warriors (D)
  A lindwurm (shapeshifter) (D)
  2 mana vipers (shapeshifter) (D)
  4 wolf spiders (D)
  7 deep elf magi (D)
  A wolf spider (shapeshifter) (D)
  A manticore (shapeshifter) (D)
  5 moths of wrath (D)
  An elephant (shapeshifter) (D)
  A guardian serpent (shapeshifter) (D)
  2 naga magi (D)
  A demonic crawler (D)
  A tormentor (D)
  6 ice devils (D)
  2 golden dragon simulacra (D)
  A meliai (shapeshifter) (D)
  A wind drake (D)
  2 jumping spiders (D)
  A dream sheep (shapeshifter) (D)
  5 bog bodies (D)
  2 stone giant simulacra (D)
  13 redbacks (D)
  3 air elementals (D)
  A wraith (D)
  3 fire elementals (D)
  A tarantella (D)
  17 neqoxecs (D)
  3 hydra simulacra (D)
  A swamp worm (shapeshifter) (D)
  2 floating eyes (D)
  2 necrophages (D)
  3 ogres (D)
  8 centaurs (D)
  2 earth elementals (D)
  A wight (D)
  An iron imp (D)
  2 jellies (D)
  A spriggan simulacrum (D)
  2 adders (D)
  A white imp (D)
  2 oozes (D)
  4 adder zombies (D)
  An adder skeleton (D)
  A bat skeleton (D)
  A bat zombie (D)
  A ball python (D)
  A quokka zombie (D)
271 creatures vanquished.

Vanquished Creatures (collateral kills)
  An Orb Guardian (D)
  A two-headed ogre (D)
  2 ogre magi (D)
  An air elemental (D)
  A water moccasin (D)
  2 ogres (D)
8 creatures vanquished.

Vanquished Creatures (others)
  A dancing weapon (D)
  A two-headed ogre (D)
  6 ball lightnings (D)
  A quokka skeleton (D)
  A quokka zombie (D)
10 creatures vanquished.

Grand Total: 289 creatures vanquished

Notes
Turn   | Place    | Note
-------+----------+-------------------------------------------
     0 | D        | olmar the Deep Dwarf Artificer began the quest for the Orb.
     0 | D        | Reached XP level 1. HP: 16/16 MP: 1/1
     1 | D        | Found an opulent altar of Gozag.
     1 | D        | Found a roughly hewn altar of Beogh.
     2 | D        | Found an ancient bone altar of Kikubaaqudgha.
     2 | D        | Found a blossoming altar of Fedhas.
     3 | D        | Found a sacrificial altar of Ru.
     3 | D        | Found a stormy altar of Qazlal.
     4 | D        | Found a bloodstained altar of Trog.
     4 | D        | Found a corrupted altar of Lugonu.
     4 | D        | Found Kiemoj's Premium Goods.
     4 | D        | Found Kischogi's Weapon Rack.
     5 | D        | Found Naof's Identification Station.
     5 | D        | Round 1.
     6 | D        | Found Fomi's Advanced Armour.
     6 | D        | Found Kaen's Jewellery.
    10 | D        | Became a worshipper of Gozag Ym Sagoz the Greedy
    14 | D        | Found Huguez's Miscellaneous Merchandise.
    14 | D        | Found Fuisitt's Basic Armour.
    19 | D        | Found a shimmering blue altar of Sif Muna.
    23 | D        | Bought a +0 broad axe for 120 gold pieces
    38 | D        | Found a glowing silver altar of Zin.
    38 | D        | Found a shimmering altar of Xom.
    42 | D        | Found an ornate altar of the Wu Jian Council.
    43 | D        | Found a basalt altar of Yredelemnul.
    44 | D        | Found a radiant altar of Vehumet.
    45 | D        | Found Nowon's Magic Scroll Shop.
    46 | D        | Found a snail-covered altar of Cheibriados.
    46 | D        | Found a burning altar of Makhleb.
    46 | D        | Found a viscous altar of Jiyva.
    46 | D        | Found Weukuobb's Staff Store.
    46 | D        | Found Puebabraoco's Magic Scroll Shop.
    46 | D        | Found Jitienlo's Must-Have Magic.
    50 | D        | Found a shadowy altar of Dithmenos.
    51 | D        | Found an iron altar of Okawaru.
    52 | D        | Found a hide-covered altar of Uskayaw.
    53 | D        | Found Lynun's Distillery.
    54 | D        | Found Lemysoru's Distillery.
    54 | D        | Found Nirphir's Bottled Wisdom.
    54 | D        | Found a glowing golden altar of the Shining One.
    54 | D        | Found Beisse's Do-It-Yourself Clinic.
   113 | D        | Reached skill level 1 in Fighting
   113 | D        | Reached XP level 2. HP: 17/25 MP: 2/2
   114 | D        | Noticed a water moccasin
   126 | D        | Killed a water moccasin
   126 | D        | Reached skill level 1 in Axes
   126 | D        | Reached skill level 5 in Armour
   126 | D        | Reached skill level 10 in Evocations
   126 | D        | Reached XP level 3. HP: 25/32 MP: 3/3
   126 | D        | Reached XP level 4. HP: 31/39 MP: 4/4
   167 | D        | Arena points: 5 (+5) [x1]
   182 | D        | Round 2.
   238 | D        | Bought a pitted lapis lazuli ring for 45 gold pieces
   238 | D        | Bought a brightly glowing copper amulet for 45 gold pieces
   238 | D        | Bought a scintillating golden ring for 45 gold pieces
   242 | D        | Reached XP level 5. HP: 37/46 MP: 5/5
   260 | D        | Bought 3 scrolls of identify for 150 gold pieces
   261 | D        | Bought a pair of heavily runed boots for 332 gold pieces
   262 | D        | Identified the cursed +0 pair of boots of the Three
                  | Blessings {*Corrode MR++ Str+3} (You bought it in a shop in
                  | the Dungeon)
   308 | D        | Arena points: 33 (+28) [x2]
   315 | D        | Identified the amulet "Syippuru" {Acrobat rElec Int+2} (You
                  | bought it in a shop in the Dungeon)
   333 | D        | Identified the ring of Ralioxin {Int+3 SInv} (You bought it
                  | in a shop in the Dungeon)
   334 | D        | Identified the cursed ring of Hupsuos {+Inv EV-4 Str+2}
                  | (You bought it in a shop in the Dungeon)
   381 | D        | Round 3.
   386 | D        | Noticed a floating eye
   392 | D        | Killed a floating eye
   392 | D        | Reached skill level 5 in Axes
   434 | D        | Noticed a floating eye
   440 | D        | Killed a floating eye
   440 | D        | Reached XP level 6. HP: 57/57 MP: 6/6
   519 | D        | Arena points: 96 (+63) [x3]
   536 | D        | Round 4.
   548 | D        | Noticed a two-headed ogre
   554 | D        | Killed a two-headed ogre
   554 | D        | Reached skill level 5 in Fighting
   554 | D        | Reached skill level 10 in Axes
   554 | D        | Reached XP level 7. HP: 65/67 MP: 7/7
   554 | D        | Reached XP level 8. HP: 73/75 MP: 8/8
   560 | D        | Noticed a two-headed ogre
   570 | D        | Killed a two-headed ogre
   570 | D        | Reached skill level 5 in Dodging
   576 | D        | Noticed a two-headed ogre
   582 | D        | Killed a two-headed ogre
   582 | D        | Reached skill level 15 in Evocations
   582 | D        | Gained mutation: You passively map the area around you.
                  | [Deep Dwarf growth]
   582 | D        | Reached XP level 9. HP: 56/86 MP: 9/9
   609 | D        | Bought a pair of spiked gloves for 332 gold pieces
   609 | D        | Identified the +2 pair of gloves of Kazux {+Blink Regen+
                  | Slay-3} (You bought it in a shop in the Dungeon)
   610 | D        | Bought a pair of jewelled gloves for 332 gold pieces
   611 | D        | Bought 3 scrolls of identify for 150 gold pieces
   612 | D        | Bought a bloodstained hat for 315 gold pieces
   612 | D        | Identified the cursed +0 pair of gloves of Qenkof {rPois
                  | rF+} (You bought it in a shop in the Dungeon)
   619 | D        | Identified the +1 hat of the Wheelwright {Harm rF+++ MR-
                  | Str+6} (You bought it in a shop in the Dungeon)
   655 | D        | Arena points: 124 (+28) [x1]
   658 | D        | Bought a potion of experience for 300 gold pieces
   659 | D        | Reached XP level 10. HP: 94/94 MP: 10/10
   670 | D        | Round 5.
   691 | D        | Noticed a naga warlord
   692 | D        | Noticed a naga mage
   695 | D        | Noticed a naga mage
   709 | D        | Killed a naga mage
   709 | D        | Reached skill level 5 in Stealth
   712 | D        | Killed a naga mage
   727 | D        | Killed a naga warlord
   727 | D        | Arena points: 244 (+120) [x3]
   727 | D        | Reached skill level 15 in Axes
   731 | D        | Got a serpentine rune of Zot
   736 | D        | Reached XP level 11. HP: 50/104 MP: 9/9
   746 | D        | Bought a potion of experience for 300 gold pieces
   747 | D        | Reached skill level 1 in Throwing
   747 | D        | Reached skill level 1 in Unarmed Combat
   747 | D        | Reached XP level 12. HP: 87/112 MP: 9/9
   928 | D        | Round 6.
  1041 | D        | Arena points: 436 (+192) [x4]
  1073 | D        | Bought an ancient cloak for 332 gold pieces
  1073 | D        | Identified the +0 cloak of Gixkiat {rN+ rCorr Stlth+} (You
                  | bought it in a shop in the Dungeon)
  1079 | D        | Bought an encrusted helmet for 332 gold pieces
  1080 | D        | Bought 3 scrolls of identify for 150 gold pieces
  1080 | D        | Identified the +1 helmet of the Valley of Death {Harm
                  | *Corrode rElec rF+++} (You bought it in a shop in the
                  | Dungeon)
  1087 | D        | Round 7.
  1089 | D        | Noticed a two-headed ogre
  1089 | D        | Noticed a two-headed ogre
  1097 | D        | Killed a two-headed ogre
  1107 | D        | Noticed a two-headed ogre
  1110 | D        | Noticed an ogre mage
  1124 | D        | Killed an ogre mage
  1128 | D        | Noticed an ogre mage
  1135 | D        | Killed an ogre mage
  1152 | D        | Killed a two-headed ogre
  1152 | D        | Arena points: 716 (+280) [x5]
  1152 | D        | Reached skill level 10 in Fighting
  1171 | D        | Round 8.
  1209 | D        | Reached skill level 10 in Stealth
  1209 | D        | Reached XP level 13. HP: 52/123 MP: 10/10
  1246 | D        | Bought a scorched tower shield for 332 gold pieces
  1246 | D        | Identified the +5 tower shield of the Accordion {Rampage
                  | rF- Int+5} (You bought it in a shop in the Dungeon)
  1299 | D        | Arena points: 780 (+64) [x1]
  1309 | D        | Bought a +0 crystal plate armour for 960 gold pieces
  1314 | D        | Round 9.
  1379 | D        | Bought a fine kite shield for 332 gold pieces
  1380 | D        | Bought 3 scrolls of identify for 150 gold pieces
  1380 | D        | Identified the cursed -6 kite shield of the Realm of Zot
                  | {rF+ rC+} (You bought it in a shop in the Dungeon)
  1390 | D        | Noticed Nessos
  1406 | D        | Killed Nessos
  1431 | D        | Bought 5 potions of heal wounds for 500 gold pieces
  1466 | D        | Arena points: 978 (+198) [x2]
  1485 | D        | Bought a pair of polished boots for 332 gold pieces
  1485 | D        | Identified the +0 pair of boots of the Cricket {Slay+2}
                  | (You bought it in a shop in the Dungeon)
  1497 | D        | Bought a twitching lapis lazuli ring for 45 gold pieces
  1497 | D        | Identified the ring "Rocvorej" {Int+4 Stlth+} (You bought
                  | it in a shop in the Dungeon)
  1510 | D        | Bought a scroll of brand weapon for 200 gold pieces
  1510 | D        | Bought 3 scrolls of silence for 225 gold pieces
  1520 | D        | Round 10.
  1555 | D        | Reached skill level 10 in Armour
  1562 | D        | Bought 3 potions of heal wounds for 105 gold pieces
  1562 | D        | Bought 3 potions of heal wounds for 105 gold pieces
  1563 | D        | Bought 2 potions of experience for 600 gold pieces
  1563 | D        | Reached skill level 1 in Shields
  1563 | D        | Gained mutation: You resist negative energy. (rN+) [Deep
                  | Dwarf growth]
  1563 | D        | Reached XP level 14. HP: 90/135 MP: 10/10
  1564 | D        | Reached XP level 15. HP: 95/142 MP: 11/11
  1605 | D        | Arena points: 1378 (+400) [x4]
  1609 | D        | Got a gossamer rune of Zot
  1610 | D        | Reached XP level 16. HP: 89/152 MP: 12/12
  1629 | D        | Bought 8 scrolls of enchant weapon for 600 gold pieces
  1784 | D        | Round 11.
  1953 | D        | Arena points: 1488 (+110) [x1]
  1968 | D        | Round 12.
  1975 | D        | Bought 4 scrolls of enchant armour for 300 gold pieces
  1975 | D        | Bought 4 scrolls of enchant armour for 300 gold pieces
  1976 | D        | Bought 4 scrolls of enchant armour for 300 gold pieces
  2025 | D        | Reached skill level 5 in Shields
  2114 | D        | Arena points: 1776 (+288) [x2]
  2136 | D        | Round 13.
  2176 | D        | Arena points: 2205 (+429) [x3]
  2221 | D        | Bought a potion of mutation for 56 gold pieces
  2224 | D        | Round 14.
  2227 | D        | Bought 3 potions of experience for 900 gold pieces
  2227 | D        | Bought 3 potions of experience for 900 gold pieces
  2227 | D        | Reached skill level 10 in Dodging
  2227 | D        | Reached skill level 15 in Stealth
  2227 | D        | Reached XP level 17. HP: 82/166 MP: 11/11
  2228 | D        | Gained mutation: You passively map a large area around you.
                  | [Deep Dwarf growth]
  2228 | D        | Reached XP level 18. HP: 87/176 MP: 12/12
  2229 | D        | Reached XP level 19. HP: 90/183 MP: 13/13
  2230 | D        | Reached XP level 20. HP: 95/192 MP: 14/14
  2235 | D        | Reached skill level 15 in Armour
  2235 | D        | Reached XP level 21. HP: 98/199 MP: 15/15
  2236 | D        | Reached XP level 22. HP: 102/207 MP: 16/16
  2245 | D        | Bought 3 potions of heal wounds for 105 gold pieces
  2245 | D        | Bought 3 potions of heal wounds for 105 gold pieces
  2245 | D        | Bought 3 potions of heal wounds for 105 gold pieces
  2245 | D        | Bought 3 potions of heal wounds for 105 gold pieces
  2245 | D        | Bought 3 potions of heal wounds for 105 gold pieces
  2245 | D        | Bought 4 potions of curing for 84 gold pieces
  2245 | D        | Bought 3 potions of heal wounds for 105 gold pieces
  2245 | D        | Bought 3 potions of heal wounds for 105 gold pieces
  2245 | D        | Bought 3 potions of heal wounds for 105 gold pieces
  2245 | D        | Bought 3 potions of heal wounds for 105 gold pieces
  2245 | D        | Bought 3 potions of heal wounds for 105 gold pieces
  2302 | D        | Reached skill level 15 in Fighting
  2318 | D        | Noticed Nergalle
  2322 | D        | Killed Nergalle
  2375 | D        | Arena points: 2877 (+672) [x4]
  2388 | D        | Bought 5 potions of heal wounds for 500 gold pieces
  2416 | D        | Round 15.
  2429 | D        | Noticed Fannar
  2469 | D        | Killed Fannar
  2469 | D        | Arena points: 3867 (+990) [x6]
  2475 | D        | Got an elven rune of Zot
  2476 | D        | Reached XP level 23. HP: 164/220 MP: 17/17
  2487 | D        | Bought 3 scrolls of identify for 150 gold pieces
  2495 | D        | Bought a warped lead ring for 45 gold pieces
  2495 | D        | Bought a transparent silver ring for 45 gold pieces
  2495 | D        | Identified the ring "Yqibo" {Wiz rElec rPois Str-5} (You
                  | bought it in a shop in the Dungeon)
  2499 | D        | Identified the ring "Pizyin" {+Fly MR+ Int+3 Dex+2} (You
                  | bought it in a shop in the Dungeon)
  2503 | D        | Bought a brightly glowing bone ring for 45 gold pieces
  2503 | D        | Bought a crude wooden ring for 45 gold pieces
  2503 | D        | Identified the ring "Xuirah" {rC+ SInv} (You bought it in a
                  | shop in the Dungeon)
  2504 | D        | Identified the ring "Ishrerudgha" {*Contam rN+ Dex+4} (You
                  | bought it in a shop in the Dungeon)
  2639 | D        | Round 16.
  2804 | D        | Arena points: 5099 (+1232) [x7]
  2844 | D        | Round 17.
  2909 | D        | Arena points: 6459 (+1360) [x8]
  2924 | D        | Round 18.
  2953 | D        | Reached skill level 10 in Shields
  3003 | D        | Arena points: 8403 (+1944) [x9]
  3050 | D        | Bought the +18 shield of the Gong {rElec rN+ MR+ EV-5} for
                  | 4086 gold pieces
  3050 | D        | Found the +18 shield of the Gong {rElec rN+ MR+ EV-5}
  3063 | D        | Round 19.
  3077 | D        | Bought 15 scrolls of remove curse for 450 gold pieces
  3239 | D        | Arena points: 10873 (+2470) [x10]
  3267 | D        | Round 20.
  3277 | D        | Bought a coiled amethyst amulet for 45 gold pieces
  3277 | D        | Bought a pitted diamond amulet for 45 gold pieces
  3284 | D        | Bought 3 scrolls of identify for 150 gold pieces
  3284 | D        | Bought 3 scrolls of identify for 150 gold pieces
  3284 | D        | Identified the amulet of Cych {RegenMP rF++ rN++ MR-} (You
                  | bought it in a shop in the Dungeon)
  3285 | D        | Identified the amulet "Lacol" {Faith rC+ Dex+4 Slay+3} (You
                  | bought it in a shop in the Dungeon)
  3317 | D        | Arena points: 13753 (+2880) [x12]
  3321 | D        | Got a slimy rune of Zot
  3322 | D        | Reached XP level 24. HP: 110/238 MP: 17/17
  3363 | D        | Bought a slimy lead amulet for 45 gold pieces
  3363 | D        | Bought a pitted bronze amulet for 45 gold pieces
  3363 | D        | Identified the amulet of Vinim {Acrobat MR- Int+2 Slay+3
                  | SInv} (You bought it in a shop in the Dungeon)
  3364 | D        | Identified the amulet "Siwoar" {RegenMP *Corrode rN+
                  | Slay+2} (You bought it in a shop in the Dungeon)
  3369 | D        | Bought a vibrating silver ring for 45 gold pieces
  3369 | D        | Bought a translucent lapis lazuli ring for 45 gold pieces
  3369 | D        | Identified the ring of Brilliance {rElec Str+6} (You bought
                  | it in a shop in the Dungeon)
  3370 | D        | Identified the ring "Eniuzick" {+Blink rC+ Dex-3 Stlth+}
                  | (You bought it in a shop in the Dungeon)
  3502 | D        | Round 21.
  3578 | D        | Reached XP level 25. HP: 243/249 MP: 17/17
  3684 | D        | Arena points: 14110 (+357) [x1]
  3699 | D        | Round 22.
  3746 | D        | Reached skill level 15 in Shields
  3748 | D        | Arena points: 14726 (+616) [x2]
  3779 | D        | Bought a pair of translucent boots for 275 gold pieces
  3780 | D        | Round 23.
  3810 | D        | Bought 3 scrolls of identify for 150 gold pieces
  3810 | D        | Bought 3 scrolls of identify for 150 gold pieces
  3810 | D        | Bought 3 scrolls of identify for 150 gold pieces
  3810 | D        | Bought 3 scrolls of identify for 150 gold pieces
  3815 | D        | Identified the cursed +0 pair of boots "Xywn" {MR+ Regen+}
                  | (You bought it in a shop in the Dungeon)
  3931 | D        | Arena points: 15094 (+368) [x1]
  3942 | D        | Round 24.
  3952 | D        | Bought a condenser vane (2/2) for 580 gold pieces
  4007 | D        | Reached skill level 27 in Axes
  4089 | D        | Arena points: 16102 (+1008) [x2]
  4102 | D        | Bought a scroll labeled WOMONTU POZULA for 29 gold pieces
  4102 | D        | Bought a scroll of identify for 58 gold pieces
  4102 | D        | Bought a phantom mirror for 870 gold pieces
  4107 | D        | Bought a lightning rod (4/4) for 640 gold pieces
  4151 | D        | Round 25.
  4152 | D        | Noticed Mennas
  4167 | D        | Arena points: 17602 (+1500) [x4]
  4267 | D        | Got a scintillating graven amulet
  4267 | D        | Got a silver rune of Zot
  4268 | D        | Identified the amulet "Aschiced" {Acrobat Str+2} (You found
                  | it in the Dungeon)
  4382 | D        | Round 26.
  4402 | D        | Gained mutation: You are frail. (-10% HP) [a neqoxec]
  4403 | D        | Gained mutation: You are dopey. (Int -2) [a neqoxec]
  4404 | D        | Gained mutation: You are very frail. (-20% HP) [a neqoxec]
  4404 | D        | Lost mutation: You are dopey. (Int -2) [a neqoxec]
  4438 | D        | Gained mutation: You are resistant to hostile enchantments.
                  | (MR+) [a neqoxec]
  4442 | D        | Gained mutation: Your magical capacity is low. (-10% MP) [a
                  | neqoxec]
  4482 | D        | Gained mutation: Armour fits poorly on your strangely
                  | shaped body. [a neqoxec]
  4485 | D        | Gained mutation: You are extremely frail. (-30% HP) [a
                  | neqoxec]
  4510 | D        | Arena points: 19942 (+2340) [x5]
  4579 | D        | Round 27.
  4589 | D        | Noticed an orb of fire
  4592 | D        | Noticed an orb of fire
  4592 | D        | Gained mutation: Your spells are a little easier to cast,
                  | but a little less powerful. [an orb of fire]
  4598 | D        | Gained mutation: You are dopey. (Int -2) [an orb of fire]
  4599 | D        | Gained mutation: Your spells are easier to cast, but less
                  | powerful. [an orb of fire]
  4600 | D        | Gained mutation: You expend magic power (3 MP) to
                  | strengthen your wands. [an orb of fire]
  4603 | D        | Gained mutation: Your body sometimes deteriorates upon
                  | taking damage. [an orb of fire]
  4606 | D        | Noticed a Killer Klown
  4606 | D        | Gained mutation: You are very dopey. (Int -4) [an orb of
                  | fire]
  4612 | D        | Gained mutation: You occasionally shout uncontrollably at
                  | your foes. [an orb of fire]
  4618 | D        | Killed an orb of fire
  4621 | D        | Gained mutation: You sometimes yell uncontrollably at your
                  | foes. [an orb of fire]
  4621 | D        | Killed a Killer Klown
  4622 | D        | Identified the +4 dragonskin cloak
  4622 | D        | Noticed Tiamat
  4641 | D        | Killed an orb of fire
  4644 | D        | Noticed a Killer Klown
  4656 | D        | Killed Tiamat
  4659 | D        | Killed a Killer Klown
  4679 | D        | Noticed an ancient lich
  4681 | D        | Reached XP level 26. HP: 63/195 MP: 12/12
  4704 | D        | Killed an ancient lich
  4722 | D        | Noticed an ancient lich
  4723 | D        | Noticed an orb of fire
  4729 | D        | Gained mutation: Scrolls take you a little longer to read.
                  | [an orb of fire]
  4730 | D        | Lost mutation: You are very dopey. (Int -4) [an orb of
                  | fire]
  4732 | D        | Killed an ancient lich
  4743 | D        | Gained mutation: Your body often deteriorates upon taking
                  | damage. [an orb of fire]
  4744 | D        | Killed an orb of fire
  4744 | D        | Reached skill level 27 in Shields
  4747 | D        | Arena points: 23506 (+3564) [x6]
  4817 | D        | Bought a pair of translucent gloves for 408 gold pieces
  4819 | D        | Identified the +0 pair of gloves "Wedeaf" {rElec rC+++ MR-
                  | Stlth-} (You bought it in a shop in the Dungeon)
  4945 | D        | Round 28.
  4961 | D        | Reached XP level 27. HP: 206/206 MP: 9/9
  5035 | D        | Reached skill level 27 in Fighting
  5085 | D        | Arena points: 27034 (+3528) [x7]
  5123 | D        | Bought 4 potions of curing for 84 gold pieces
  5123 | D        | Bought 4 potions of curing for 84 gold pieces
  5123 | D        | Bought 4 potions of curing for 84 gold pieces
  5123 | D        | Bought 4 potions of curing for 84 gold pieces
  5139 | D        | Bought 5 potions of haste for 350 gold pieces
  5139 | D        | Bought 4 potions of haste for 280 gold pieces
  5139 | D        | Bought 3 potions of haste for 210 gold pieces
  5139 | D        | Bought 6 potions of might for 168 gold pieces
  5140 | D        | Bought 6 potions of might for 168 gold pieces
  5140 | D        | Bought 6 potions of resistance for 420 gold pieces
  5140 | D        | Bought 6 potions of resistance for 420 gold pieces
  5147 | D        | Round 29.
  5182 | D        | Reached skill level 27 in Armour
  5247 | D        | Reached skill level 27 in Stealth
  5322 | D        | Arena points: 27730 (+696) [x1]
  5337 | D        | Round 30.
  5338 | D        | Noticed Antaeus
  5372 | D        | Arena points: 29170 (+1440) [x3]
  5373 | D        | Got an icy rune of Zot
  5435 | D        | Got the Orb of Zot
  5437 | D        | Escaped with the Orb!

Illustrated notes

Levels and vault maps discovered:
D:        arena_sprint

Skill      XL: |  1  2  3  4  5  6  7  8  9 10 11 12 13 14 15 16 17 18 19 20 21 22 23 24 25 26 27 |
---------------+----------------------------------------------------------------------------------+-----
Fighting       | 1 2 3 5 7 8 10 11 12 14 16 18 19 24 26 27 | 27.0
Armour         | 3 5 6 7 8 9 10 11 14 15 16 19 22 24 27 | 27.0
Evocations     | 6 10 11 12 13 15 16 17 18 19 20 21 25 | 25.4
Axes           | 1 3 6 10 13 14 15 17 18 20 21 24 27 | 27.0
Dodging        | 2 3 4 5 6 7 8 9 10 11 | 11.4
Stealth        | 2 3 4 6 10 11 15 17 20 21 27 | 27.0
Throwing       | 1 |  1.3
Unarmed Combat | 1 |  1.5
Shields        | 1 2 3 5 6 7 11 12 24 27 | 27.0

Action                   |  1- 3 |  4- 6 |  7- 9 | 10-12 | 13-15 | 16-18 | 19-21 | 22-24 | 25-27 || total
-------------------------+-------+-------+-------+-------+-------+-------+-------+-------+-------++-------
Melee: Broad axe         |    15 |    22 |     5 |    85 |    98 |   145 |     2 |   316 |   491 ||  1179
       Punch             |       |       |       |       |     1 |       |       |       |       ||     1
Invok: Call Merchant     |       |       |       |       |       |       |       |     2 |     9 ||    11
       Potion Petition   |       |       |       |       |       |       |       |       |     3 ||     3
 Abil: Evoke Invisibilit |       |       |     1 |       |       |     1 |       |       |       ||     2
       Heal Wounds       |       |       |     1 |    12 |     7 |     7 |       |       |    39 ||    66
Evoke: Wand              |     4 |    12 |     8 |    17 |     4 |     1 |       |       |       ||    46
       Condenser vane    |       |       |       |       |       |       |       |       |    11 ||    11
       Lightning rod     |       |       |       |       |       |       |       |       |     4 ||     4
       Phantom mirror    |       |       |       |       |       |       |       |       |     3 ||     3
  Use: Potion            |     2 |     1 |     2 |     3 |     8 |     9 |     3 |    20 |    40 ||    88
       Scroll            |       |     2 |     3 |     2 |     4 |    21 |       |    11 |     5 ||    48
 Stab: Invisible         |       |       |     1 |       |       |    13 |       |       |       ||    14
       Paralysed         |       |       |       |     4 |       |       |       |       |       ||     4
       Confused          |       |       |       |     2 |       |       |       |       |       ||     2
       Distracted        |       |       |       |       |     2 |     1 |       |     2 |    15 ||    20
       Sleeping          |       |       |       |       |       |       |       |       |     3 ||     3
Armor: Leather armour    |     4 |     4 |       |    13 |     2 |       |       |       |       ||    23
       Crystal plate arm |       |       |       |       |   123 |   129 |       |   173 |   231 ||   656
Dodge: Dodged            |    14 |    15 |     4 |    49 |    49 |    20 |       |    65 |    35 ||   251
Block: Kite shield       |       |       |       |       |    11 |    23 |       |    77 |   542 ||   653

Table legend: (Time is in decaauts)
 A = Elapsed time spent in this place.
 B = Non-inter-level travel time spent in this place.
 C = Inter-level travel time spent in this place.
 D = Time resting spent in this place.
 E = Time spent auto-exploring this place.
 F = Levels seen in this place.
 G = Mean time per level.
                   A        B        C        D        E       F      G
               +--------+--------+--------+--------+--------+-----+--------+
         Total |   5119 |   5031 |     88 |   1169 |    124 |   1 | 5119.0 |
       Dungeon |   5119 |   5031 |     88 |   1169 |    124 |   1 | 5119.0 |
               +--------+--------+--------+--------+--------+-----+--------+

Top non-repeatable levels by time:
       D: 5119 daAuts
